 Dungeon Crawl Stone Soup version 0.31.0-9-g3a7656b989 (webtiles) character file.

Game seed: 1357033740458124174

40 qw the Shooter (level 3, 0/20 HPs)
             Began as a Deep Elf Hunter on Feb 2, 2024.
             Succumbed to a goblin's poison
             ... on level 2 of the Dungeon.
             The game lasted 00:00:01 (806 turns).

qw the Shooter (Deep Elf Hunter)                     Turns: 806, Time: 00:00:02

Health: 0/20       AC:  5    Str: 10    XL:     3   Next: 30%
Magic:  5/5        EV: 11    Int: 13    God:
Gold:   35         SH:  0    Dex: 24    Spells: 2/2 levels left

rFire   . . .        a - +0 shortbow
rCold   . . .        (shield currently unavailable)
rNeg    . . .        g - +0 ring mail
rPois   .            (no helmet)
rElec   .            (no cloak)
rCorr   .            (no gloves)
SInv    .            (no boots)
Will    .....        (no amulet)
Stlth   ++           d - +6 ring of dexterity
HPRegen 0.23/turn    (no ring)
MPRegen 0.09/turn

%: no passive effects
@: lethally poisoned (0 -> -7)
A: no striking features
a: no special abilities


You were on level 2 of the Dungeon.
You visited 1 branch of the dungeon, and saw 2 of its levels.

You collected 35 gold pieces.


   Skills:
 - Level 1.5 Fighting
 + Level 6.9 Ranged Weapons
 - Level 2.4 Dodging
 - Level 1.2 Stealth


You had 2 spell levels left.
You didn't know any spells.
Your spell library was empty.

Inventory:

Hand Weapons
 a - a +0 shortbow (weapon)
Armour
 g - a +0 ring mail (worn)
Jewellery
 d - a +6 ring of dexterity (left hand)
Potions
 h - a potion of curing {unknown}

Dungeon Overview and Level Annotations

Branches:
Dungeon (2/15)

Altars:


Message History

The goblin hits you but does no damage. The goblin misses you.
You shoot an arrow. The arrow hits the goblin.
You kill the goblin!
The goblin closely misses you.
You shoot an arrow. The arrow closely misses the goblin.
The goblin hits you but does no damage.
You shoot an arrow. The arrow hits the goblin.
You kill the goblin!
You start resting.
A goblin comes into view. It is wielding a +1 dagger of venom.
786 ||| FLEEEEING.
A goblin comes into view. It is wielding a +5 dagger.
Things that are here:
a +0 club; a goblin corpse
787 ||| FLEEEEING.
788 ||| FLEEEEING.
There is a stone staircase leading up here.
789 ||| STAIRDANCE You climb upwards.
There is a stone staircase leading down here.
You start resting.
HP restored.
You climb downwards.
The goblin hits you but does no damage.
You are poisoned.
The goblin hits you with a +5 dagger. x2; The goblin misses you.
There is a stone staircase leading up here.
You shoot an arrow. The arrow hits the goblin.
You kill the goblin!
You feel very sick.
The goblin hits you with a +1 dagger of venom.
You are lethally poisoned!
You shoot an arrow. The arrow hits the goblin.
You kill the goblin!
You feel very sick.
There is a lethal amount of poison in your body!
You feel very sick.
There is a lethal amount of poison in your body!
You feel sick.
There is a lethal amount of poison in your body!
You die...

.# ##.
g...#
)#[## ...
#)# #.#
########)#
........)#
########@#
#)# #.#
#.# ...
#.# ..#
..#


There were no monsters in sight!

Vanquished Creatures
  Robin (D:2)
  4 endoplasms
  A giant cockroach (D:1)
  8 goblins (D:2)
  5 hobgoblins
  2 ball pythons (D:1)
  A bat (D:1)
  A frilled lizard (D:1)
  A kobold (D:1)
  3 rats (D:1)
27 creatures vanquished.

Notes
Turn   | Place    | Note
-------+----------+-------------------------------------------
     0 | D:1      | qw the Deep Elf Hunter began the quest for the Orb.
     0 | D:1      | Reached XP level 1. HP: 12/12 MP: 3/3
     0 | D:1      | 0 ||| qw: Version: 0.3-a-155-g5e7d8dd
     0 | D:1      | 0 ||| qw: Game counter: 1043
     0 | D:1      | 0 ||| qw: Melee chars always use a shield: true
     0 | D:1      | 0 ||| qw: God list: Okawaru
     0 | D:1      | 0 ||| qw: Allow faded altars: false
     0 | D:1      | 0 ||| qw: Do Orc after clearing Dungeon:15 true
     0 | D:1      | 0 ||| qw: Do second Lair branch before Depths: true
     0 | D:1      | 0 ||| qw: Lair rune preference: random
     0 | D:1      | 0 ||| qw: Goals: Normal
     0 | D:1      | 0 ||| PLANNING D:1-11
    73 | D:1      | Reached XP level 2. HP: 16/16 MP: 4/4
   116 | D:1      | Reached skill level 6 in Ranged Weapons
   691 | D:1      | 691 ||| UPGRADING to +0 ring mail.
   701 | D:1      | 701 ||| DROPPING +0 leather armour.
   702 | D:1      | 702 ||| UPGRADING to +6 ring of dexterity.
   703 | D:1      | 703 ||| READING scroll labelled DORCHO GETYEW.
   703 | D:1      | 703 ||| IDENTIFYING black potion
   704 | D:1      | 704 ||| DROPPING scroll of butterflies.
   705 | D:1      | 705 ||| DROPPING potion of degeneration.
   762 | D:2      | Noticed Robin
   768 | D:2      | Killed Robin
   769 | D:2      | Reached XP level 3. HP: 17/20 MP: 5/5
   786 | D:2      | 786 ||| FLEEEEING.
   787 | D:2      | 787 ||| FLEEEEING.
   788 | D:2      | 788 ||| FLEEEEING.
   789 | D:2      | 789 ||| STAIRDANCE
   804 | D:2      | HP: 4/20 [poisoned by a goblin]
   806 | D:2      | Succumbed to a goblin's poison

Levels and vault maps discovered:
D:1:      scummos_arrival_gate, layout_basic
D:2:      layout_loops_ring, uniq_robin

Skill      XL: |  1  2 |
---------------+-------+-----
Ranged Weapons | 6 |  6.9
Fighting       | |  1.5
Dodging        | |  2.4
Stealth        | |  1.2

Action                     || total
---------------------------++-------
   Fire: Shortbow          ||    55
    Use: Scroll            ||     1
 Armour: Leather armour    ||     3
         Ring mail         ||    13
  Dodge: Dodged            ||    19

Table legend:
 A = Non-vault XP
 B = Vault XP
 C = Vault XP percentage of total XP
 D = Non-vault monster count
 E = Vault monster count
 F = Vault count percentage of total count
                 A         B        C        D         E       F
            +---------+---------+-------+---------+---------+-------
      Total |      28 |      30 |  51.7 |      18 |       9 |  33.3
            +---------+---------+-------+---------+---------+-------
        D:1 |      24 |       0 |   0.0 |      16 |       0 |   0.0
        D:2 |       4 |      30 |  88.2 |       2 |       9 |  81.8
            +---------+---------+-------+---------+---------+-------
